 Dungeon Crawl Stone Soup version 0.17-a0-1910-g4c791fa (webtiles) character file.

9835 ololoev the Cleaver (level 11, 0/99 HPs)
             Began as a Hill Orc Fighter on Sept 25, 2015.
             Was a High Priest of Makhleb.
             Slain by an ogre
             ... wielding a cursed +0 giant club
              (7 damage)
             ... on level 2 of the Orcish Mines.
             The game lasted 00:39:11 (4628 turns).

ololoev the Cleaver (Hill Orc Fighter)              Turns: 4628, Time: 00:39:12

Health: 0/99       AC: 16    Str: 23    XL:     11   Next: 52%
Magic:  17/17      EV:  4    Int:  8    God:    Makhleb [*****.]
Gold:   430        SH:  9    Dex: 12    Spells: 0 memorised, 10 levels left

rFire  . . .     SeeInvis .     a - +0 broad axe (freeze)
rCold  . . .     Clarity  .     G - +0 plate armour
rNeg   . . .     SustAt   .     c - +0 shield
rPois  +         Gourm    .     (no helmet)
rElec  .         Spirit   .     t - +0 cloak {rPois}
rCorr  .         Warding  .     d - +0 pair of gloves
rMut   .         Stasis   .     (no boots)
MR     .....                    (no amulet)
Stlth  ..........               y - ring of invisibility
                                p - +2 ring of dexterity

@: not resistant to hostile enchantments, extremely unstealthy
A: no striking features
a: Minor Destruction, Lesser Servant of Makhleb, Major Destruction, Greater
Servant of Makhleb, Renounce Religion, Evoke Invisibility

Inventory:

Hand weapons
 a - a +0 broad axe of freezing (weapon)
 E - a +0 battleaxe
Armour
 c - a +0 shield (worn)
 d - a +0 pair of gloves (worn)
 i - a troll hide
 t - a +0 cloak of poison resistance (worn)
 G - a +0 plate armour (worn)
Jewellery
 p - a +2 ring of dexterity (left hand)
 y - a ring of invisibility (right hand)
Magical devices
 k - a wand of slowing (4)
 w - a wand of frost (0)
 A - a wand of lightning (0)
 C - a wand of cold (0)
 F - a wand of polymorph (16)
Scrolls
 b - a scroll of amnesia {unknown}
 f - 4 scrolls of teleportation {unknown}
 g - a scroll of enchant armour
 h - 8 scrolls of remove curse
 j - 4 scrolls of magic mapping
 o - 3 scrolls of recharging
 r - 3 scrolls of immolation
 s - a scroll of vulnerability {unknown}
 u - 3 scrolls of enchant weapon {unknown}
 z - a scroll of silence
 D - 2 scrolls of blinking
Potions
 m - 2 potions of curing
 x - 2 potions of agility
 B - a potion of magic {unknown}
Comestibles
 e - 2 bread rations
 l - 15 fruits
 v - 2 beef jerkies


   Skills:
 + Level 9.7 Fighting
 * Level 13.7 Axes
 + Level 9.1 Armour
 - Level 3.2 Shields
 * Level 8.5 Invocations
 + Level 6.3 Evocations


You had 10 spell levels left.
You didn't know any spells.


You were on level 2 of the Orcish Mines.
You worshipped Makhleb.
Makhleb was extremely pleased with you.
You were hungry.

You visited 3 branches of the dungeon, and saw 18 of its levels.

You collected 652 gold pieces.
You spent 222 gold pieces at shops.

#......###.#$##
##.#...##.....#
####.###..#(#####
## ####...#))##.##
#.## ##.#..)....##
.... ###...#....#
... .#
##......####.# ..#
#......#.#.###....
#....@#......#....
##....Ooo.........
####.##o.........
###..)O.......
#...)(......§
#.....§)).....
##...........#
#........>..#
#.............

Notes
Turn   | Place    | Note
--------------------------------------------------------------
     0 | D:1      | ololoev the Hill Orc Fighter began the quest for the Orb.
     0 | D:1      | Reached XP level 1. HP: 19/19 MP: 1/1
    95 | D:1      | Reached XP level 2. HP: 13/27 MP: 2/2
   148 | D:1      | Reached XP level 3. HP: 13/33 MP: 3/3
   402 | D:2      | Reached skill level 4 in Axes
   601 | D:4      | Reached XP level 4. HP: 35/40 MP: 4/4
   659 | D:4      | Found Zin's Purification Station.
   660 | D:4      | Found a glowing silver altar of Zin.
   667 | D:4      | Bought a potion of curing for 90 gold pieces
   686 | D:4      | Noticed Duvessa
   687 | D:4      | Noticed Dowan
   695 | D:4      | Killed Duvessa
   695 | D:4      | Reached skill level 5 in Axes
   695 | D:4      | Reached XP level 5. HP: 42/47 MP: 5/5
   705 | D:4      | Killed Dowan
   705 | D:4      | Reached skill level 6 in Axes
   705 | D:4      | Reached XP level 6. HP: 40/55 MP: 6/6
   711 | D:4      | Found Ehus's Antique Weapon Shop.
   742 | D:3      | Reached skill level 5 in Fighting
   807 | D:3      | Found a snail-covered altar of Cheibriados.
  1006 | D:4      | Noticed Sigmund
  1036 | D:4      | Reached skill level 5 in Armour
  1048 | D:4      | Killed Sigmund
  1048 | D:4      | Reached XP level 7. HP: 45/61 MP: 7/7
  1153 | D:3      | Reached skill level 7 in Axes
  1193 | D:5      | Entered Level 5 of the Dungeon
  1219 | D:5      | Found a staircase to the Ecumenical Temple.
  1229 | Temple   | Entered the Ecumenical Temple
  1233 | Temple   | Became a worshipper of Makhleb the Destroyer
  1357 | D:5      | Noticed an angel
  1400 | D:5      | Reached skill level 1 in Invocations
  1552 | D:7      | Acquired Makhleb's first power
  1583 | D:6      | Reached skill level 8 in Axes
  1583 | D:6      | Reached skill level 1 in Evocations
  1583 | D:6      | Reached XP level 8. HP: 70/70 MP: 9/9
  1756 | D:7      | Noticed Joseph
  1756 | D:7      | Paralysed by Joseph for 3 turns
  1771 | D:7      | Paralysed by Joseph for 2 turns
  1776 | D:7      | Paralysed by Joseph for 3 turns
  1780 | D:7      | Paralysed by Joseph for 4 turns
  1794 | D:7      | Paralysed by Joseph for 3 turns
  1808 | D:7      | Killed Joseph
  1808 | D:7      | Reached skill level 9 in Axes
  2039 | D:4      | Bought a glowing broad axe for 132 gold pieces
  2107 | D:5      | Noticed Edmund
  2121 | D:5      | Killed Edmund
  2125 | D:5      | Reached XP level 9. HP: 45/79 MP: 10/12
  2175 | D:7      | Noticed an ice statue
  2338 | D:8      | Found a basalt altar of Yredelemnul.
  2392 | D:9      | Reached skill level 10 in Axes
  2442 | D:10     | Entered Level 10 of the Dungeon
  2475 | D:9      | Acquired Makhleb's second power
  2729 | D:8      | Reached skill level 5 in Invocations
  2737 | D:7      | HP: 3/79 [basilisk (10)]
  2767 | D:8      | Identified Wiucympu's Papyrus of the Mutagenic Mountains
  2905 | D:8      | Reached skill level 11 in Axes
  3008 | D:8      | Acquired Makhleb's third power
  3009 | D:8      | Found a staircase to the Lair.
  3023 | D:8      | Reached XP level 10. HP: 55/88 MP: 12/14
  3277 | D:9      | Reached skill level 5 in Evocations
  3427 | D:10     | Found a blossoming altar of Fedhas.
  3443 | D:10     | Reached skill level 12 in Axes
  3483 | D:10     | Found a portal to a secret trove of treasure.
  3594 | D:10     | Noticed a hill giant
  3604 | D:10     | Killed a hill giant
  3687 | D:13     | Noticed a griffon
  3697 | D:13     | Killed a griffon
  3697 | D:13     | Reached XP level 11. HP: 53/97 MP: 16/16
  3711 | D:14     | Noticed 4thArraOfDagon's ghost (powerful NaMo)
  3722 | D:14     | Killed 4thArraOfDagon's ghost
  3722 | D:14     | Reached skill level 13 in Axes
  3790 | D:12     | Noticed a hill giant
  3797 | D:12     | Killed a hill giant
  3806 | D:12     | Found a staircase to the Orcish Mines.
  3837 | D:12     | Found a roughly hewn altar of Beogh.
  3846 | D:12     | Acquired Makhleb's fourth power
  3879 | Orc:1    | Entered Level 1 of the Orcish Mines
  4021 | Orc:1    | Found a roughly hewn altar of Beogh.
  4121 | Orc:1    | Acquired Makhleb's fifth power
  4207 | Orc:2    | Found a roughly hewn altar of Beogh.
  4613 | Orc:2    | Noticed an orc knight
  4628 | Orc:2    | Slain by an ogre

Dungeon Overview and Level Annotations

Branches:
Dungeon (14/15)            Temple (1/1) D:5            Lair (0/8) D:8
    Orc (3/4) D:12
    Elf: Orc:3-4     Vaults: D:13-14

Altars:
Ashenzari
Cheibriados
Elyvilon
Fedhas
Kikubaaqudgha
Makhleb
Nemelex Xobeh
Okawaru
Qazlal
Ru
Trog
Vehumet
Yredelemnul
Zin
The Shining One
Beogh

Shops:
D:4 (

Portals:
Trove: D:10 (give 2 potions of cure mutation)

Annotations:
D:7 exclusion: ice statue


Message History

The ogre is heavily wounded.
You slash the orc! You freeze the orc.
You kill the orc!
Makhleb accepts your kill.
Your smoke demon hits the orc knight but does no damage.
Your smoke demon closely misses the orc knight. x2
The ogre hits your smoke demon with a giant club!
Your smoke demon dies!
The orc warrior hits you from afar with a trident.
You block the ogre's attack.
Unknown command.
The ogre is engulfed in a cloud of scalding steam.
Unknown command.
Use which ability?
Press: ? - help, Shift-Dir - straight line, p - orc knight The orb of electricity explodes!
The orb of electricity engulfs the ogre.
The ogre is almost dead.
The orb of electricity engulfs the orc.
You kill the orc!
Makhleb accepts your kill.
You feel better.
The orb of electricity engulfs the orc knight.
The orc knight is almost dead.
Makhleb accepts your kill.
You feel better.
You feel a bit more experienced. The orb of electricity engulfs you!
The orb of electricity engulfs the orc warrior.
The orc warrior is lightly wounded.
You are feeling hungry.
You hear a shout! x2
Unknown command.
Unknown command.
Unknown command.
Drink which item? (? for menu, Esc to quit)
Okay, then.
The orc knight roars a battlecry!
The orc warrior goes into a battle-frenzy!
The ogre hits you with a giant club!
You die...

You could see an orc knight, 2 orc warriors and 2 ogres.

Vanquished Creatures
  2 hill giants
  An orc sorcerer (Orc:1)
  A griffon (D:13)
  Joseph (D:7)
  2 trolls
  A two-headed ogre (D:10)
  Sigmund (D:4)
  A deep elf mage (D:10)
  7 yaks (D:8)
  2 basilisks
  A steam dragon (D:8)
  Edmund (D:5)
  A sky beast (D:8)
  Duvessa (D:4)
  A water moccasin (D:10)
  9 orc warriors
  2 ogres
  2 porcupines
  A black bear (D:8)
  A centaur (D:8)
  An ice beast (D:7)
  A big kobold (D:7)
  3 crocodiles
  4 giant frogs
  Dowan (D:4)
  4 scorpions
  A water moccasin skeleton (D:9)
  3 killer bees (D:10)
  2 crimson imps
  7 hounds
  2 centaur zombies (D:6)
  18 orc priests
  A centaur skeleton (D:9)
  A jelly (D:7)
  An iguana (D:10)
  9 orc wizards
  9 worker ants
  A hound skeleton (D:4)
  4 gnolls
  8 river rats (D:8)
  2 shadow imps
  4 adders
  An ooze (D:1)
  3 adder skeletons (D:3)
  5 giant geckos
  74 orcs
  4 bats
  3 giant cockroaches (D:1)
  3 hobgoblins
  4 jackals
  9 kobolds
  5 quokkas
  2 giant gecko skeletons (D:3)
  2 giant gecko zombies
  4 giant newts
  4 goblins
  A quokka skeleton (D:4)
  4 rats
254 creatures vanquished.

Vanquished Creatures (collateral kills)
  The ghost of 4thArraOfDagon the Grappler, a powerful NaMo of Cheibriados (D:14)
  A hungry ghost (D:12)
  3 orc warriors
  4 orcs
9 creatures vanquished.

Vanquished Creatures (others)
  6 plants (D:8)
6 creatures vanquished.

Grand Total: 269 creatures vanquished

Action                   |  1- 3 |  4- 6 |  7- 9 | 10-12 || total
-------------------------+-------+-------+-------+-------++-------
Melee: War axe           |    69 |    65 |   155 |       ||   289
       Broad axe         |       |       |   141 |   278 ||   419
Invok: Minor Destruction |       |       |     8 |    10 ||    18
       Lesser Servant of |       |       |     1 |     8 ||     9
       Major Destruction |       |       |       |     4 ||     4
 Abil: Evoke Invisibilit |       |       |     6 |       ||     6
Evoke: Wand              |       |       |    14 |    21 ||    35
  Use: Potion            |       |     5 |     5 |     2 ||    12
       Scroll            |       |       |     8 |     4 ||    12
 Stab: Invisible         |       |       |    17 |     1 ||    18
  Eat: Chunk             |       |       |     8 |     6 ||    14
       Meat ration       |       |       |     1 |       ||     1

Vault maps used:
D:1:      sevenhm_arrival_forest_fort_small_2, serial_bayou_ford_a,
          minmay_surrounded
D:3:      first_bread, serial_undead, serial_undead_f, serial_undead_e,
          serial_undead_c, serial_undead_f, serial_undead_d, serial_undead_b,
          cheibriados_altar_wand_db, uniq_natasha
D:4:      minmay_door_path, overflow_temple_1_default, zin_purify, serial_shops,
          shop_statue, st_stairs_3, kennysheep_generic_room_13, uniq_sigmund,
          uniq_duvessa
D:5:      temple_garden, uniq_eustachio, uniq_edmund
D:6:      grunt_dithmenos_shadows, gammafunk_temple_overflow_pools, basic_altar
D:7:      lemuel_ice_statue, uniq_joseph
D:8:      old_standard_altar, minmay_lair_entry_grove
D:10:     nicolae_trove_entry_free_sample, hangedman_tree_tricks
D:11:     hive_lemuel
D:12:     minmay_orc_entry_temple_small
D:13:     david_vaults_1, uniq_maud
D:14:     uniq_snorg
Temple:   minmay_freezing_vapour_temple_12
Orc:1:    minmay_orc_temple_b
Orc:2:    david_defended_altar_orc
Orc:3:    portal_ice_cave_entry_pillars_02, basic_altar,
          nicolae_orc_pool_cavern, bloody_trog
